 Dungeon Crawl Stone Soup version 0.18-a0-1435-gee79d65 (webtiles) character file.

3322 M4edhros the Nimble (level 10, 0/94 HPs)
             Began as an Octopode Hunter on Feb 29, 2016.
             Was an Initiate of Gozag.
             Slain by Duffy's ghost (37 damage)
             ... on level 8 of the Dungeon.
             The game lasted 00:12:18 (5956 turns).

M4edhros the Nimble (Octopode Hunter)               Turns: 5956, Time: 00:12:19

Health: 0/94       AC:  1    Str: 16    XL:     10   Next: 2%
Magic:  19/19      EV: 21    Int: 15    God:    Gozag
Gold:   392        SH:  0    Dex: 20    Spells: 0 memorised, 9 levels left

rFire  . . .     SeeInvis .     j - +8 quarterstaff of the Little People {elec, MP+9}
rCold  . . .     Gourm    .     (shield currently unavailable)
rNeg   . . .     Faith    .     (helmet restricted)
rPois  +         Spirit   .     h - amulet of rage
rElec  .         Dismiss  .     e - +5 ring of dexterity
rCorr  .         Reflect  .     k - ring of poison resistance
SustAt .         Harm     .     (no ring)
MR     .....                    (no ring)
Stlth  ..........               (no ring)
                                (no ring)
                                (no ring)
                                (no ring)

@: berserking, very quick, not resistant to hostile enchantments, extremely
unstealthy
A: almost no armour, amphibious, 8 rings, constrict 8, camouflage 1, gelatinous
body 1
a: Potion Petition, Call Merchant, Bribe Branch, Renounce Religion, Evoke
Berserk Rage


You were on level 8 of the Dungeon.
You worshipped Gozag.
Gozag was noncommittal.
You were hungry.

You visited 2 branches of the dungeon, and saw 9 of its levels.
You also visited: Sewer.

You collected 488 gold pieces.
You paid 96 gold pieces to Gozag.

Inventory:

Hand Weapons
 a - a +2 hunting sling
 b - a +0 short sword
 j - the +8 quarterstaff of the Little People (weapon) {elec, MP+9}
   (You found it on level 4 of the Dungeon)

   Occasionally, upon striking a foe, it will discharge some electrical energy
   and cause terrible harm.
   It affects your magic capacity (+9).
 p - a +0 blowgun
Missiles
 c - 62 sling bullets
 f - 140 stones (quivered)
 r - 27 poisoned needles
Armour
 g - a +3 buckler of protection
Jewellery
 e - a +5 ring of dexterity (left tentacle)
 h - an amulet of rage (around mantle)
 k - a ring of poison resistance (right tentacle)
 E - an uncursed ring of magical power {unknown}
Wands
 q - a wand of iceblast (9/15)
 z - a wand of flame (27/48)
 A - a wand of random effects (19/48)
Scrolls
 i - 3 scrolls of amnesia
 l - a scroll of fog {unknown}
 o - 2 scrolls of teleportation
 v - 2 scrolls of recharging
 x - 2 scrolls of magic mapping
 y - a scroll of remove curse
 B - a scroll of fear {unknown}
 C - a scroll of noise {unknown}
 D - a scroll of immolation {unknown}
 G - 2 scrolls of identify
 J - a scroll of blinking {unknown}
Potions
 m - 5 potions of flight
 s - 4 potions of curing
 t - 3 potions of lignification
 u - a potion of brilliance
 H - a potion of cure mutation
 I - a potion of agility {unknown}
Books
 K - a book of Death

   Spells                             Type                      Level
   a - Corpse Rot                     Necromancy                   2
   b - Sublimation of Blood           Necromancy                   2
   c - Agony                          Necromancy                   5
   d - Dispel Undead                  Necromancy                   5
   e - Excruciating Wounds            Charms/Necromancy            5
   f - Bolt of Draining               Conjuration/Necromancy       5
Comestibles
 d - 6 bread rations
 n - a meat ration
 w - 6 fruits


   Skills:
 + Level 4.0 Fighting
 + Level 5.9 Staves
 - Level 7.0 Slings
 * Level 9.9 Dodging
 + Level 5.3 Stealth


You had 9 spell levels left.
You didn't know any spells.

Dungeon Overview and Level Annotations

Branches:
Dungeon (8/15)             Temple (1/1) D:7
   Lair: D:8-11

Altars:
Ashenzari
Cheibriados
Dithmenos
Elyvilon
Fedhas
Gozag
Kikubaaqudgha
Makhleb
Nemelex Xobeh
Okawaru
Pakellas
Qazlal
Ru
Sif Muna
Trog
Vehumet
Xom
Yredelemnul
Zin
The Shining One

Shops:
D:6 [

Annotations:
D:6 Duffy's ghost, novice DECj
D:8 Duffy's ghost, novice TrFi


Innate Abilities, Weirdness & Mutations

You cannot wear most types of armour.
You are amphibious.
You can wear up to eight rings at the same time.
You can use your tentacles to constrict eight enemies at once.
Your skin changes colour to match your surroundings (Stealth).
Your rubbery body absorbs attacks (AC +1).


Message History

Unknown command.
Found a scroll of remove curse.
You fail to use your ability.
A red film seems to cover your vision as you go berserk!
You feel yourself moving faster!
You feel mighty!
Duffy's ghost turns its malevolent gaze towards you.
Duffy's ghost completely misses you.
You sock Duffy's ghost!
Duffy's ghost is lightly damaged.
Duffy's ghost hits you.
You closely miss Duffy's ghost. You squeeze Duffy's ghost.
Duffy's ghost is moderately damaged.
Duffy's ghost hits you!!!
You sock Duffy's ghost!
Duffy's ghost is moderately damaged.
You barely miss Duffy's ghost. Your squeeze misses Duffy's ghost.
Duffy's ghost is moderately damaged.
Duffy's ghost hits you!!!
You die...
Your body crumbles into a pile of gold.

?..# ...# ######## ...#
.......# #########...#
##..##.# ........$...#
....##.# ............#
###.##.# ......S.....# $
#.##.# ......W@....#
#.##.# ########....###
###.##.##########......#
...................>##.#
###.##.############.# #
.......# ..# .....#.#
..# ...).#.# .# ..)).#.#
..


You could see Duffy's ghost and an adder.

Vanquished Creatures
  The ghost of Amnesiac the Insei, a novice OpTm (D:5)
  The ghost of Fabri the Magician, an amateur NaWz (D:4)
  A hungry ghost (D:7)
  2 orc warriors
  An ice beast (D:6)
  A phantom (D:5)
  2 ogres
  2 centaurs
  2 big kobolds
  A giant frog (D:7)
  2 scorpions
  A wyvern skeleton (D:6)
  5 wights (D:6)
  A howler monkey (D:4)
  2 crimson imps
  A centaur zombie (D:7)
  A jelly (D:6)
  A giant frog zombie (D:4)
  3 hounds
  5 orc priests
  A gnoll shaman (D:6)
  2 iguanas
  6 orc wizards
  6 worker ants
  3 hound zombies
  A hound skeleton (D:7)
  A howler monkey zombie (D:6)
  Robin (D:2)
  9 gnolls
  14 adders
  5 river rats
  4 shadow imps
  An ooze (D:2)
  An adder zombie (D:4)
  2 adder skeletons
  A worm (D:5)
  3 dart slugs
  5 giant geckos
  24 orcs
  4 bats (D:1)
  9 giant cockroaches
  13 hobgoblins
  13 jackals
  3 quokkas
  2 ball pythons (D:3)
  2 giant gecko skeletons
  3 giant newts
  9 goblins
  14 kobolds
  2 quokka zombies
  9 rats
209 creatures vanquished.

Notes
Turn   | Place    | Note
--------------------------------------------------------------
     0 | D:1      | M4edhros the Octopode Hunter began the quest for the Orb.
     0 | D:1      | Reached XP level 1. HP: 14/14 MP: 1/1
   109 | D:1      | Reached XP level 2. HP: 19/19 MP: 2/2
   199 | D:1      | Reached XP level 3. HP: 24/24 MP: 3/3
   229 | D:1      | Reached skill level 3 in Dodging
   598 | D:2      | Reached XP level 4. HP: 29/29 MP: 4/4
   692 | D:2      | Noticed Robin
  1160 | D:4      | Noticed Fabri's ghost (amateur NaWz)
  1202 | D:4      | Reached skill level 5 in Slings
  1202 | D:4      | Reached skill level 4 in Dodging
  1202 | D:4      | Reached XP level 5. HP: 28/34 MP: 5/5
  1257 | D:4      | Killed Fabri's ghost
  1257 | D:4      | Reached skill level 5 in Dodging
  1257 | D:4      | Reached XP level 6. HP: 22/39 MP: 6/6
  1343 | D:4      | Got a crude quarterstaff
  1357 | D:4      | Identified the +8 quarterstaff of the Little People {elec, MP+9} (You found it on level 4 of the Dungeon)
  1399 | D:4      | Reached skill level 1 in Staves
  1433 | D:4      | Reached XP level 7. HP: 39/45 MP: 7/7
  1491 | D:4      | Found a shimmering altar of Xom.
  1540 | D:4      | Found an iron altar of Okawaru.
  1540 | D:4      | Found a sacrificial altar of Ru.
  1803 | D:4      | Reached skill level 6 in Dodging
  2006 | D:5      | Entered Level 5 of the Dungeon
  2006 | D:5      | Noticed Amnesiac's ghost (novice OpTm)
  2015 | D:5      | Killed Amnesiac's ghost
  2015 | D:5      | Reached skill level 7 in Dodging
  2015 | D:5      | Reached XP level 8. HP: 50/50 MP: 8/8
  2277 | D:5      | Reached skill level 8 in Dodging
  2358 | D:5      | Found a bloodstained altar of Trog.
  2492 | D:5      | Found a glowing drain.
  2496 | Sewer    | Entered a sewer
  2630 | Sewer    | Found a glowing silver altar of Zin.
  2832 | D:5      | Reached XP level 9. HP: 49/54 MP: 9/9
  3404 | D:6      | Found Utoeb's Armour Shoppe.
  3728 | D:6      | Reached skill level 5 in Staves
  3731 | D:6      | Reached skill level 9 in Dodging
  3754 | D:6      | Noticed Duffy's ghost (novice DECj)
  4569 | D:7      | Found a staircase to the Ecumenical Temple.
  4597 | Temple   | Entered the Ecumenical Temple
  4891 | D:7      | Found a burning altar of Makhleb.
  4971 | D:7      | Reached skill level 5 in Stealth
  5069 | D:7      | Found an opulent altar of Gozag.
  5201 | D:7      | Became a worshipper of Gozag Ym Sagoz the Greedy
  5386 | D:2      | Killed Robin
  5437 | D:2      | Found a radiant altar of Vehumet.
  5440 | D:2      | Found a blossoming altar of Fedhas.
  5440 | D:2      | Found a shattered altar of Ashenzari.
  5850 | D:8      | Reached XP level 10. HP: 63/63 MP: 10/10
  5949 | D:8      | Noticed Duffy's ghost (novice TrFi)
  5956 | D:8      | Slain by Duffy's ghost

Vault maps used:
D:1:      dpeg_arrival_concentric_ovals
D:2:      minitemple, first_bread, hangedman_decor_peaks_small, uniq_robin
D:4:      amethyst_overflow_temple_binary, xom_butterflies, serial_undead,
          serial_undead_b, serial_undead_b, serial_undead_b, serial_undead_d
D:5:      lemuel_crystal_altar, gup_sewer_entry_spiral
D:6:      serial_shops, nicolae_shop_trees, grunt_ministairs_6
D:7:      kennysheep_little_box, minmay_temple_entry_statues,
          grunt_decor_one_mirror, makhleb_heckhound_becter
Temple:   circular_temple_12
Sewer:    sewer_kobolds

Skill      XL: |  1  2  3  4  5  6  7  8  9 10 |
---------------+-------------------------------+-----
Dodging        | 3 4 5 7 8 9 |  9.9
Slings         | 5 6 7 |  7.0
Staves         | 1 3 4 5 |  5.9
Stealth        | 5 |  5.3
Fighting       | 3 4 |  4.0

Action                   |  1- 3 |  4- 6 |  7- 9 | 10-12 || total
-------------------------+-------+-------+-------+-------++-------
Melee: Quarterstaff      |       |     7 |   256 |    17 ||   280
 Fire: Hunting sling     |    75 |   115 |       |       ||   190
 Abil: Evoke Berserk Rag |       |       |       |     1 ||     1
Evoke: Wand              |       |       |     1 |       ||     1
  Use: Scroll            |     3 |       |     7 |       ||    10
       Potion            |       |     3 |     8 |       ||    11
 Stab: Sleeping          |       |       |    19 |     1 ||    20
       Distracted        |       |       |     3 |       ||     3
  Eat: Chunk             |       |     2 |    12 |       ||    14
       Pizza             |       |       |     2 |       ||     2
       Beef jerky        |       |       |       |     1 ||     1
